 Dungeon Crawl Stone Soup version 0.31-a0-799-g6bc09d010c (webtiles) character file.

Game seed: 9213315924939676925

19 cforsyth the Sneak (level 2, 0/25 HPs)
             Began as a Djinni Delver on Sept 19, 2023.
             Slain by a scorpion (7 damage)
             ... on level 5 of the Dungeon.
             The game lasted 00:01:31 (452 turns).

cforsyth the Sneak (Djinni Delver)                   Turns: 452, Time: 00:01:32

Health: 0/25       AC:  3    Str: 11    XL:     2   Next: 95%
Gold:   14         EV: 12    Int: 11    God:
                   SH:  0    Dex: 14

rFire   + + .        a - +0 falchion
rCold   x . .        (no shield)
rNeg    . . .        b - +0 leather armour
rPois   ∞            (no helmet)
rElec   .            (no cloak)
rCorr   .            (no gloves)
SInv    .            (boots unavailable)
Will    .....        (no amulet)
Stlth   ++           (no ring)
HPRegen 0.24/turn    (no ring)
MPRegen 0.00/turn

%: infuse magic (-1 HP)
@: flying
A: sickness immunity, fire resistance 2, cold vulnerability 1, float, innate
caster, HP casting, extra vitality 1
a: no special abilities


You were on level 5 of the Dungeon.
You visited 1 branch of the dungeon, and saw 2 of its levels.

You collected 14 gold pieces.

Inventory:

Hand Weapons
 a - a +0 falchion (weapon)
Armour
 b - a +0 leather armour (worn)
Jewellery
 e - a ring of fire
Wands
 g - a wand of digging (3)
Scrolls
 c - a scroll of fog
 d - a scroll of revelation
Potions
 f - a potion of haste
 h - a potion of enlightenment {unknown}


   Skills:
 + Level 3.4 Fighting
 - Level 1.7 Long Blades
 - Level 2.1 Dodging
 - Level 4.1 Stealth
 + Level 1.0 Spellcasting
 + Level 1.0 Conjurations
 + Level 1.0 Hexes
   Level 0.0 Charms
 + Level 1.0 Summonings
 + Level 1.0 Necromancy
 + Level 1.0 Translocations
 + Level 1.0 Transmutations
 + Level 1.0 Fire Magic
 + Level 1.0 Ice Magic
 + Level 1.0 Air Magic
 + Level 1.0 Earth Magic
 + Level 1.0 Poison Magic You didn't know any spells. Your spell library was empty.

Dungeon Overview and Level Annotations

Branches:
Dungeon (5/15)
 Temple: D:4-7

Altars:

Annotations:
D:4 Grinder


Innate Abilities, Weirdness & Mutations

You are immune to sickness and miasma.
You are immune to poison.
Your flesh is very heat resistant. (rF++)
You are vulnerable to cold. (rC-)
You float through the air rather than walking.
You learn spells naturally, not from books.
Your magical power is your life essence.
You have superior vitality. (+4 MHP)


Message History

You see here a +0 leather armour.
You hit the scorpion but do no damage. The scorpion stings you.
You closely miss the scorpion. The scorpion closely misses you. x2
You completely miss the scorpion. The scorpion stings you.
You hit the scorpion.
The scorpion is moderately wounded.
The scorpion stings you.
You hit the scorpion but do no damage.
The scorpion is lightly wounded.
The scorpion stings you. The scorpion completely misses you.
You barely miss the scorpion.
The scorpion is lightly wounded.
The scorpion stings you but does no damage.
You hit the scorpion but do no damage.
The scorpion is lightly wounded.
The scorpion stings you. The scorpion barely misses you.
You are too injured to fight recklessly!
You are too injured to fight recklessly!
You are too injured to fight recklessly!
You are too injured to fight recklessly!
You are too injured to fight recklessly!
You are too injured to fight recklessly!
You are too injured to fight recklessly!
You are too injured to fight recklessly!
You closely miss the scorpion.
The scorpion is lightly wounded.
The scorpion closely misses you.
You hit the scorpion.
The scorpion is moderately wounded.
The scorpion stings you but does no damage.
The scorpion closely misses you.
You completely miss the scorpion.
The scorpion is moderately wounded.
The scorpion stings you.
You hit the scorpion but do no damage.
The scorpion is moderately wounded.
The scorpion stings you.
* * * LOW HITPOINT WARNING * * *
The scorpion stings you!
You die...

#...... ###..... #...# ..
#.....#####...#########.. #. ###.
#.....#...#.....#....... ......
#.....'...#.....#...... .....
#.....##'##.....##...# #.##.
##'#......#.....##...########.##.
...#......#......s..........#....
...+......'.....@...........#....
...#...>..#...[.............+....
####......#...####...####.###....
....#####...######'####.###....
....#.......#....g.............
....+.......#.<.g.g............
.. #+###...##..g..............
###..##...##..........##.....
#.........#......##...#######


You could see a scorpion.

Vanquished Creatures
  An adder (D:5)
  An orc (D:5)
  A goblin (D:5)
  A hobgoblin (D:5)
  3 jackals (D:5)
  A quokka (D:4)
8 creatures vanquished.

Notes
Turn   | Place    | Note
-------+----------+-------------------------------------------
     0 | D:5      | cforsyth the Djinni Delver began the quest for the Orb.
     0 | D:5      | Reached XP level 1. HP: 20/20 MP: 0/0
    12 | D:5      | Noticed a gnoll sergeant
    12 | D:5      | Noticed a scorpion
    49 | D:4      | Noticed Grinder
   144 | D:5      | Reached XP level 2. HP: 25/25 MP: 0/0
   343 | D:5      | Reached skill level 1 in Spellcasting
   343 | D:5      | Reached skill level 1 in Conjurations
   343 | D:5      | Reached skill level 1 in Hexes
   343 | D:5      | Reached skill level 1 in Summonings
   343 | D:5      | Reached skill level 1 in Necromancy
   343 | D:5      | Reached skill level 1 in Translocations
   343 | D:5      | Reached skill level 1 in Transmutations
   343 | D:5      | Reached skill level 1 in Fire Magic
   343 | D:5      | Reached skill level 1 in Ice Magic
   343 | D:5      | Reached skill level 1 in Air Magic
   343 | D:5      | Reached skill level 1 in Earth Magic
   343 | D:5      | Reached skill level 1 in Poison Magic
   452 | D:5      | Slain by a scorpion

Illustrated notes

Levels and vault maps discovered:
D:4:      nicolae_cairo_tiling, layout_loops_ring, pf_guarded_unrand_meek,
          uniq_grinder
D:5:      layout_gridville

Skill      XL: |  1  2 |
---------------+-------+-----
Spellcasting   | 1 |  1.0
Conjurations   | 1 |  1.0
Hexes          | 1 |  1.0
Summonings     | 1 |  1.0
Necromancy     | 1 |  1.0
Translocations | 1 |  1.0
Transmutations | 1 |  1.0
Fire Magic     | 1 |  1.0
Ice Magic      | 1 |  1.0
Air Magic      | 1 |  1.0
Earth Magic    | 1 |  1.0
Poison Magic   | 1 |  1.0
Fighting       | |  3.4
Long Blades    | |  1.7
Dodging        | |  2.1
Stealth        | |  4.1

Action                     || total
---------------------------++-------
  Melee: Falchion          ||    39
    Use: Scroll            ||     1
 Armour: Leather armour    ||    41
  Dodge: Dodged            ||    40

Table legend: (Time is in decaauts)
 A = Elapsed time spent in this place.
 B = Non-inter-level travel time spent in this place.
 C = Inter-level travel time spent in this place.
 D = Time resting spent in this place.
 E = Time spent auto-exploring this place.
 F = Levels seen in this place.
 G = Mean time per level.
                   A        B        C        D        E       F      G
               +--------+--------+--------+--------+--------+-----+--------+
         Total |    462 |    462 |      0 |    129 |    198 |   2 |  231.0 |
       Dungeon |    462 |    462 |      0 |    129 |    198 |   2 |  231.0 |
               +--------+--------+--------+--------+--------+-----+--------+

Top non-repeatable levels by time:
     D:5: 415 daAuts
     D:4: 46 daAuts
